 Dungeon Crawl Stone Soup version 0.13.2 (webtiles) character file.

57 sanboga the Digger (level 2, -2/22 HPs)
             Began as a Deep Dwarf Earth Elementalist on Feb 8, 2017.
             Slain by a giant gecko (3 damage)
             ... on Level 1 of the Dungeon.
             The game lasted 00:05:35 (1577 turns).

sanboga the Digger (Deep Dwarf Earth Elementalist)  Turns: 1577, Time: 00:05:35

HP  -2/22        AC  3     Str 11      XL: 2   Next: 86%
MP   4/4         EV 12     Int 15      God:
Gold 32          SH  0     Dex 13      Spells:  2 memorised,  0 levels left

Res.Fire  : . . .   See Invis. : .   g - +0 club
Res.Cold  : . . .   Warding    : .   k - +0 elf leather armour
Life Prot.: . . .   Conserve   : .   (no shield)
Res.Poison: .       Res.Corr.  : .   (no helmet)
Res.Elec. : .       Clarity    : .   (no cloak)
Sust.Abil.: . .     Spirit.Shd : .   (no gloves)
Res.Mut.  : .       Stasis     : .   (no boots)
Res.Rott. : .       Flight     : .   (no amulet)
Saprovore : . . .                    (no ring)
                                     (no ring)

@: non-regenerating, slightly resistant to hostile enchantments, fairly stealthy
A: damage resistance, recharge devices, sense surroundings 1, slow healing 3
a: Device Recharging


You were on level 1 of the Dungeon.
You were starving.

You visited 1 branch of the dungeon, and saw 1 of its levels.

You collected 12 gold pieces.

Inventory:

Hand weapons
 g - a +0,+0 club (weapon)
Missiles
 b - 20 stones
 j - 11 poisoned needles (quivered)
Armour
 c - a +0 robe
 k - a +0 elven leather armour (worn)
Magical devices
 a - a wand of heal wounds (5)
Comestibles
 f - a bread ration
Scrolls
 e - a scroll of remove curse {unknown}
 i - a scroll of enchant armour {unknown}
Potions
 h - a potion of flight {unknown}
 l - a potion of curing {unknown}
 m - a potion of heal wounds {unknown}
Books
 d - a book of Geomancy

   Spells                             Type                      Level
   *Sandblast                         Earth                        1
   *Stoneskin                         Transmutation/Earth          2
   Passwall                           Transmutation/Earth          3
   Stone Arrow                        Conjuration/Earth            3
   Petrify                            Transmutation/Earth          4
   Lee's Rapid Deconstruction         Earth                        5


   Skills:
 + Level 0.4 Maces & Flails
 + Level 0.2 Armour
 + Level 3.3 Dodging
 + Level 2.4 Stealth
 + Level 1.0 Spellcasting
 + Level 0.8 Transmutations
 + Level 4.3 Earth Magic


You couldn't memorise any spells.
You knew the following spells:

 Your Spells              Type           Power        Failure   Level  Hunger
a - Sandblast             Erth           ##....       4%          1    ##.....
b - Stoneskin             Trmt/Erth      #.........   14%         2    ###....


Dungeon Overview and Level Annotations

Branches:
Dungeon (1/27)

Altars:


Innate Abilities, Weirdness & Mutations

You are resistant to damage.
You can recharge devices by infusing magical energy.
You passively map a small area around you.
You do not heal naturally.


Message History

The giant gecko is severely wounded.
The giant gecko bites you.
* * * LOW HITPOINT WARNING * * *
You hit the giant gecko but do no damage.
The giant gecko is heavily wounded.
The giant gecko bites you but does no damage.
The giant gecko closely misses you.
You closely miss the giant gecko.
The giant gecko is heavily wounded.
The giant gecko closely misses you.
You barely miss the giant gecko.
The giant gecko is heavily wounded.
The giant gecko misses you.
You barely miss the giant gecko.
The giant gecko is heavily wounded.
The giant gecko barely misses you.
You barely miss the giant gecko.
The giant gecko is heavily wounded.
The giant gecko bites you.
You die...

* , , * #######
#.....# *
###.....#
.......# #.....#
# #..l..# .# #@#
###.### * ####.#
#.......###....##
#.# *
#.........###
###.#
#..#......(..#
....#
#.,#..###.##.#
##..# # *#..# .#
.#
##..#####.##..#
.# .#
##........##..#
#.# .#


You could see a giant gecko.

Vanquished Creatures
  A giant gecko (D:1)
  A ball python (D:1)
  8 bats (D:1)
  A giant cockroach (D:1)
  3 goblins (D:1)
  2 hobgoblins (D:1)
  3 jackals (D:1)
  2 kobolds (D:1)
21 creatures vanquished.

Notes
Turn   | Place    | Note
--------------------------------------------------------------
     0 | D:1      | sanboga, the Deep Dwarf Earth Elementalist, began the quest for the Orb.
     0 | D:1      | Reached XP level 1. HP: 15/15 MP: 3/3
   187 | D:1      | Reached XP level 2. HP: 13/22 MP: 4/4
   407 | D:1      | Learned a level 2 spell: Stoneskin
  1572 | D:1      | HP: 1/22 [giant gecko (2)]
  1577 | D:1      | Slain by a giant gecko

Action                   || total
-------------------------++-------
Melee: Club              ||   141
       Unarmed           ||    14
